 Dungeon Crawl Stone Soup version 0.31.0-11-ge490571c62 (webtiles) character file.

Game seed: 17339416541804099268

506 qw the Shooter (level 6, -1/30 HPs)
             Began as a Spriggan Hunter on Feb 4, 2024.
             Slain by a kobold brigand
             ... wielding a +0 dagger
              (2 damage)
             ... in a sewer.
             The game lasted 00:00:18 (4102 turns).

qw the Shooter (Spriggan Hunter)                    Turns: 4102, Time: 00:00:18

Health: -1/30      AC:  3    Str:  7    XL:     6   Next: 97%
Magic:  7/7        EV: 26    Int: 11    God:
Gold:   11         SH:  0    Dex: 20    Spells: 5/5 levels left

rFire   . . .        a - +0 shortbow
rCold   + . .        (shield currently unavailable)
rNeg    . . .        c - +0 robe
rPois   .            m - +1 hat
rElec   .            (no cloak)
rCorr   .            (gloves unavailable)
SInv    +            (boots unavailable)
Will    +....        (no amulet)
Stlth   ++           e - ring of protection from cold
HPRegen 0.25/turn    h - +5 ring of evasion
MPRegen 0.10/turn

%: no passive effects
@: lethally poisoned (-1 -> -15), about to teleport, very quick
A: very small, no large weapons, unfitting armour, see invisible, speed 3
a: no special abilities


You were in a sewer.
You visited 1 branch of the dungeon, and saw 5 of its levels.
You also visited: Sewer.

You collected 156 gold pieces.
You spent 145 gold pieces at shops.


Innate Abilities, Weirdness & Mutations

You are very small and have problems with some larger weapons.
You are too small for most types of armour.
You have supernaturally acute eyesight. (SInv)
You cover ground extremely quickly. (Speed+++)


   Skills:
 - Level 2.0 Fighting
 - Level 7.0 Ranged Weapons
 + Level 6.2 Dodging
 - Level 1.5 Stealth


You had 5 spell levels left.
You didn't know any spells.
Your spell library was empty.

Inventory:

Hand Weapons
 a - a +0 shortbow (weapon)
Armour
 c - a +0 robe (worn)
 m - a +1 hat (worn)
Jewellery
 e - a ring of protection from cold (left hand)
 h - a +5 ring of evasion (right hand)
 l - a ring of positive energy
 Y - a ring of resist corrosion
Scrolls
 d - a scroll of identify
 n - a scroll of teleportation
 q - a scroll of brand weapon {unknown}
Potions
 b - 2 potions of enlightenment
 f - 2 potions of resistance {unknown}
 g - 4 potions of curing
 i - 2 potions of heal wounds
 j - a potion of mutation {unknown}
 k - a potion of cancellation
 o - a potion of haste
 p - a potion of might {unknown}

Dungeon Overview and Level Annotations

Branches:
Dungeon (5/15)              Sewer (1/1)
 Temple: D:4-7

Altars:

Shops:
D:4 ::?[*

Annotations:
D:5 Edmund


Message History

The arrow barely misses the kobold brigand.
You shoot an arrow.
The arrow hits the kobold brigand but does no damage.
The kobold brigand is lightly wounded.
You shoot an arrow. The arrow hits the kobold brigand.
The kobold brigand is lightly wounded.
You shoot an arrow. The arrow misses the kobold brigand.
You shoot an arrow.
The arrow hits the kobold brigand but does no damage.
The kobold brigand is lightly wounded.
The kobold brigand barely misses you.
You shoot an arrow.
The arrow closely misses the kobold brigand.
The kobold brigand misses you. x2
The kobold brigand completely misses you.
You shoot an arrow. The arrow hits the kobold brigand!
The kobold brigand is moderately wounded.
The kobold brigand barely misses you. x2
You shoot an arrow. The arrow hits the kobold brigand!
The kobold brigand is severely wounded.
The kobold brigand closely misses you.
The kobold brigand hits you with a +2 dagger of venom!
You are poisoned.
You shoot an arrow. The arrow hits the kobold brigand!
The kobold brigand is almost dead.
You feel very sick.
The kobold brigand completely misses you.
The kobold brigand hits you with a +2 dagger of venom!
You are lethally poisoned!
You shoot an arrow. The arrow hits the kobold brigand.
You kill the kobold brigand!
You feel very sick. The kobold brigand closely misses you.
Your Ranged Weapons skill increases to level 7!
4102 ||| READING 2 scrolls of teleportation.
As you read the scroll of teleportation, it crumbles to dust.
You feel strangely unstable.
You feel very sick.
The kobold brigand hits you with a +0 dagger.
You die...

##### ##### ##...## ##..~##
..#####...~.#####~...~#
.!~...)K....~~~~~~....#
####@...~#####.%..~#
##~~.## ##~..## ##~## ##~##
#~# #~# #~# #~# ##### ##~##
##~## ##~..## ##~..##
##...##
#~....####..~..#####.....##
#....~%~~~..~~~~~~~~~~\~.~~


You could see a kobold brigand.

Vanquished Creatures
  A phantom (D:3)
  A kobold brigand (Sewer)
  A bombardier beetle (D:5)
  A jelly (D:4)
  3 sleepcaps (D:4)
  Jessica (D:3)
  Robin (D:2)
  4 adders
  2 river rats
  3 dart slugs
  5 ribbon worms
  9 orcs
  5 endoplasms
  8 giant cockroaches
  16 goblins
  8 hobgoblins
  3 quokkas (D:2)
  9 ball pythons
  4 bats
  5 frilled lizards
  13 kobolds
  10 rats
113 creatures vanquished.

Notes
Turn   | Place    | Note
-------+----------+-------------------------------------------
     0 | D:1      | qw the Spriggan Hunter began the quest for the Orb.
     0 | D:1      | Reached XP level 1. HP: 10/10 MP: 2/2
     0 | D:1      | 0 ||| qw: Version: 0.3-a-160-g6735b56
     0 | D:1      | 0 ||| qw: Game counter: 5032
     0 | D:1      | 0 ||| qw: Melee chars always use a shield: true
     0 | D:1      | 0 ||| qw: God list: Okawaru
     0 | D:1      | 0 ||| qw: Allow faded altars: false
     0 | D:1      | 0 ||| qw: Do Orc after clearing Dungeon:15 true
     0 | D:1      | 0 ||| qw: Do second Lair branch before Depths: true
     0 | D:1      | 0 ||| qw: Lair rune preference: random
     0 | D:1      | 0 ||| qw: Goals: Normal
     0 | D:1      | 0 ||| PLANNING D:1-11
    93 | D:1      | Reached skill level 3 in Dodging
   358 | D:1      | 358 ||| UPGRADING to ring of resist corrosion.
   359 | D:1      | 359 ||| UPGRADING to +5 ring of evasion.
   360 | D:1      | 360 ||| READING 2 scrolls labelled OJENUN ULYPO.
   360 | D:1      | 360 ||| IDENTIFYING emerald potion
   361 | D:1      | 361 ||| READING scroll of identify.
   361 | D:1      | 361 ||| IDENTIFYING 2 white potions
   362 | D:1      | 362 ||| DROPPING scroll of butterflies.
   375 | D:1      | Reached XP level 2. HP: 14/14 MP: 3/3
   996 | D:1      | 996 ||| READING 2 scrolls of identify.
   996 | D:1      | 996 ||| IDENTIFYING 2 ruby potions
  1071 | D:2      | Reached XP level 3. HP: 18/18 MP: 4/4
  1184 | D:2      | Identified the +1 leather armour "Tastagi" {rPois}
  1197 | D:2      | You fall into a shaft and drop 2 floors!
  1236 | D:4      | Reached skill level 5 in Ranged Weapons
  1277 | D:4      | 1277 ||| READING 2 scrolls of identify.
  1277 | D:4      | 1277 ||| IDENTIFYING scroll labelled GARYIT FAELE
  1278 | D:4      | 1278 ||| READING scroll of identify.
  1278 | D:4      | 1278 ||| IDENTIFYING scroll labelled CUINOST ADAYPS
  1279 | D:4      | 1279 ||| DROPPING scroll of fog.
  1284 | D:4      | Reached XP level 4. HP: 20/22 MP: 5/5
  1293 | D:4      | 1293 ||| DROPPING scroll of poison.
  1296 | D:4      | Found Oziedirch's Armour Emporium.
  1321 | D:3      | Noticed a phantom
  1322 | D:3      | 1322 ||| DRINKING 2 potions of haste.
  1334 | D:3      | Killed a phantom
  1335 | D:3      | Reached XP level 5. HP: 12/25 MP: 6/6
  1691 | D:2      | 1691 ||| FLEEEEING.
  1696 | D:2      | Noticed Robin
  1706 | D:2      | Killed Robin
  2227 | D:2      | 2227 ||| DROPPING ring of magical power.
  2228 | D:2      | 2228 ||| READING scroll of identify.
  2228 | D:2      | 2228 ||| IDENTIFYING black potion
  2229 | D:2      | 2229 ||| READING scroll labelled ASOZI TESK.
  2563 | D:3      | Noticed Jessica
  2569 | D:3      | Killed Jessica
  2756 | D:3      | 2756 ||| UPGRADING to +1 hat.
  2761 | D:3      | 2761 ||| UPGRADING to ring of protection from cold.
  2763 | D:3      | 2763 ||| DROPPING ring of ice.
  2764 | D:3      | 2764 ||| DRINKING 2 viscous cyan potions.
  2812 | D:4      | 2812 ||| SHOPLISTING +2 cloak (181 gold, have 143).
  2885 | D:4      | Found Tostrah's General Store.
  2893 | D:4      | 2893 ||| BUYING potion of curing (33 gold).
  2893 | D:4      | Bought a potion of curing for 33 gold pieces
  2937 | D:4      | Reached skill level 6 in Ranged Weapons
  2937 | D:4      | Reached XP level 6. HP: 30/30 MP: 7/7
  2997 | D:4      | Reached skill level 6 in Dodging
  3303 | D:4      | Found Zalor's Magic Scroll Emporium.
  3306 | D:4      | 3306 ||| BUYING scroll of identify (28 gold).
  3306 | D:4      | Bought a scroll of identify for 28 gold pieces
  3306 | D:4      | 3306 ||| BUYING scroll of teleportation (42 gold).
  3306 | D:4      | Bought a scroll of teleportation for 42 gold pieces
  3306 | D:4      | 3306 ||| BUYING scroll of teleportation (42 gold).
  3306 | D:4      | Bought a scroll of teleportation for 42 gold pieces
  3306 | D:4      | 3306 ||| SHOPLISTING scroll of teleportation (42 gold, have
                  | 11).
  3333 | D:4      | Found Zualaa's Book Shop.
  3381 | D:4      | Found Toaxaops's Book Shoppe.
  3507 | D:4      | 3507 ||| DROPPING +1 hat.
  3508 | D:4      | 3508 ||| READING scroll of identify.
  3508 | D:4      | 3508 ||| IDENTIFYING puce potion
  3509 | D:4      | 3509 ||| READING scroll labelled TEMI FAFAE.
  3510 | D:4      | 3510 ||| READING scroll labelled QINNEA JOUMUSK.
  3611 | D:4      | 3611 ||| DROPPING potion of lignification.
  3630 | D:5      | Entered Level 5 of the Dungeon
  3631 | D:5      | 3631 ||| PLANNING SEWER
  3734 | D:5      | Noticed Edmund
  3735 | D:5      | 3735 ||| DRINKING potion of haste.
  3763 | D:5      | HP: 3/30 [Edmund/+1 dire flail of protection (14)]
  3764 | D:5      | 3764 ||| READING 3 scrolls of teleportation.
  3765 | D:5      | 3765 ||| DRINKING 3 potions of heal wounds.
  3829 | D:5      | Found a glowing drain.
  3840 | Sewer    | Entered a sewer
  4101 | Sewer    | HP: 5/30 [poisoned by a kobold brigand]
  4102 | Sewer    | Reached skill level 7 in Ranged Weapons
  4102 | Sewer    | 4102 ||| READING 2 scrolls of teleportation.
  4102 | Sewer    | HP: 1/30 [poisoned by a kobold brigand]
  4102 | Sewer    | Slain by a kobold brigand

Levels and vault maps discovered:
D:1:      lemuel_arrival_hallway, layout_basic, serial_forest,
          infiniplex_forest_end_3, infiniplex_forest_clump_curved,
          infiniplex_forest_straight_2, infiniplex_forest_clump_small,
          infiniplex_forest_clump_small, infiniplex_forest_lined_room_,
          infiniplex_forest_clump_curved, infiniplex_forest_end_2,
          glass_columns_c
D:2:      layout_loops_ring, kennysheep_generic_room_4, uniq_robin
D:3:      layout_basic, uniq_jessica
D:4:      layout_layer_cave, serial_shops, shop, kennysheep_mini_moat,
          nicolae_diamond_shop, shop, shop, minmay_misc_feat_x,
          nicolae_eternal_life, dreamdust_princess_corridor,
          kennysheep_decorative_pillar, hellmonk_no_cap
D:5:      layout_loops_ring, minmay_temple_entry_statues_fountains,
          portal_sewer_entry_b, uniq_edmund, uniq_eustachio, uniq_menkaure
Sewer:    sewer_co_15_rooms

Skill      XL: |  1  2  3  4  5  6 |
---------------+-------------------+-----
Dodging        | 3 4 5 6 |  6.2
Ranged Weapons | 5 6 7 |  7.0
Fighting       | 2 |  2.0
Stealth        | |  1.5

Action                     |  1- 3 |  4- 6 || total
---------------------------+-------+-------++-------
   Fire: Shortbow          |    79 |   307 ||   386
    Use: Scroll            |     5 |     7 ||    12
         Potion            |       |     4 ||     4
 Armour: Robe              |     3 |    35 ||    38
  Dodge: Dodged            |    28 |   192 ||   220

Table legend:
 A = Non-vault XP
 B = Vault XP
 C = Vault XP percentage of total XP
 D = Non-vault monster count
 E = Vault monster count
 F = Vault count percentage of total count
                 A         B        C        D         E       F
            +---------+---------+-------+---------+---------+-------
      Total |     396 |     328 |  45.3 |      75 |      38 |  33.6
            +---------+---------+-------+---------+---------+-------
        D:1 |      24 |       0 |   0.0 |      16 |       0 |   0.0
        D:2 |      57 |      38 |  40.0 |      25 |      14 |  35.9
        D:3 |     138 |      37 |  21.1 |      16 |       1 |   5.9
        D:4 |     125 |      79 |  38.7 |      16 |       3 |  15.8
        D:5 |      52 |      17 |  24.6 |       2 |       3 |  60.0
      Sewer |       0 |     157 | 100.0 |       0 |      17 | 100.0
            +---------+---------+-------+---------+---------+-------
